 Dungeon Crawl Stone Soup version 0.32-a0-918-g0f22ef8d61 (webtiles) character file.

Game seed: 6925174195154208216

512210 RBrandon the Severer (level 23, -13/211 HPs)
             Began as a Mountain Dwarf Fighter on Apr 10, 2024.
             Was the Champion of Beogh (penitent).
             Mangled by a protean progenitor (43 damage)
             ... on level 1 of the Realm of Zot on Apr 11, 2024.
             The game lasted 02:27:16 (50221 turns).

RBrandon the Severer (Mountain Dwarf Fighter)      Turns: 50221, Time: 02:27:17

Health: -13/211    AC: 34    Str: 31    XL:     23   Next: 95%
Magic:  37/38      EV: 15    Int: 19    God:    Beogh [******]
Gold:   4159       SH: 16    Dex:  9    Spells: 5/44 levels left

rFire   + . .        a - +9 broad axe (elec)
rCold   + . .        Z - +5 kite shield of Intuition {rPois Will+ Int+3 Stlth-}
rNeg    + + .        v - +1 plate armour {rPois}
rPois   +            V - +2 helmet {Int+3}
rElec   +            z - +2 cloak
rCorr   +            X - +2 pair of gloves of Action {rC+}
SInv    .            B - +2 pair of boots of Logi Faz {+Inv rElec rN+ rCorr}
Will    ++++.        r - amulet of the acrobat Stlth
                     Q - ring "Papacih" {rF+ rN+ Will+ Str+5}
HPRegen 0.55/turn    x - +5 ring of evasion
MPRegen 0.26/turn

%: acrobat
@: very slightly contaminated, studying Maces & Flails
A: runic magic, artefact enchanting
}: 3/15 runes: barnacled, silver, gossamer
a: Renounce Religion, Evoke Invisibility


You were on level 1 of the Realm of Zot.
You worshipped Beogh.
Beogh was demanding penance.
You visited 8 branches of the dungeon, and saw 40 of its levels.
You visited 1 bazaar.
You also visited: Bailey and Ice Cave.

You collected 6047 gold pieces.
You spent 1888 gold pieces at shops.

Inventory:

Hand Weapons
 a - a +9 broad axe of electrocution (weapon)
   (You took it off a tengu warrior on level 15 of the Dungeon)
 b - the +3 greatsling "Punk" {acid, rCorr}
   (You found it in an ice cave)

   rCorr:     It protects you from acid and corrosion.
Missiles
 l - 8 darts of dispersal (quivered)
 n - 3 curare-tipped darts
 N - 5 throwing nets
Armour
 g - the +1 helmet "Kialiud" {*Slow rPois rF+ rN++}
   (You bought it in a shop on level 13 of the Dungeon)

   rF+:       It protects you from fire.
   rPois:     It protects you from poison.
   rN++:      It greatly protects you from negative energy.
   *Slow:     It may slow you when you take damage.
 v - a +1 plate armour of poison resistance (worn)
   (You found it on level 4 of the Dungeon)
 z - a +2 cloak (worn)
 B - the +2 pair of boots of Logi Faz (worn) {+Inv rElec rN+ rCorr}
   (You acquired it on level 2 of the Lair of Beasts)

   rElec:     It insulates you from electricity.
   rN+:       It protects you from negative energy.
   +Inv:      It lets you turn invisible.
   rCorr:     It protects you from acid and corrosion.
 V - a +2 helmet of intelligence (worn)
   (You bought it in a shop on level 2 of the Orcish Mines)
 X - the +2 pair of gloves of Action (worn) {rC+}
   (You found it on level 2 of the Vaults)

   rC+:       It protects you from cold.
 Z - the +5 kite shield of Intuition (worn) {rPois Will+ Int+3 Stlth-}
   (You acquired it on level 3 of the Shoals)

   Int+3:     It affects your intelligence (+3).
   rPois:     It protects you from poison.
   Will+:     It increases your willpower.
   Stlth-:    It makes you less stealthy.
Jewellery
 r - an amulet of the acrobat (around neck)
 x - a +5 ring of evasion (right hand)
 H - a +5 ring of evasion
 P - a +5 ring of evasion
 Q - the ring "Papacih" (left hand) {rF+ rN+ Will+ Str+5}
   (You found it on level 5 of the Lair of Beasts)

   [ring of willpower]

   Str+5:     It affects your strength (+5).
   rF+:       It protects you from fire.
   rN+:       It protects you from negative energy.
   Will+:     It increases your willpower.
 S - a ring of willpower
 Y - a ring of protection from cold
Wands
 c - a wand of charming (24)
 u - a wand of light (9)
 E - a wand of iceblast (25)
 I - a wand of digging (14)
 L - a wand of mindburst (52)
 T - a wand of polymorph (5)
Scrolls
 e - 5 scrolls of revelation
 h - 7 scrolls of poison
 o - 16 scrolls of teleportation
 p - 9 scrolls of fear
 q - a scroll of torment
 s - 3 scrolls of enchant armour
 t - 9 scrolls of immolation
 w - 8 scrolls of amnesia
 D - 7 scrolls of fog
 K - 8 scrolls of vulnerability
 M - 4 scrolls of butterflies
 R - a scroll of silence
Potions
 d - a potion of ambrosia
 j - 5 potions of mutation
 k - 4 potions of cancellation
 y - 5 potions of haste
 A - 17 potions of curing
 C - 5 potions of might
 F - 7 potions of heal wounds
 G - 4 potions of resistance
 J - 6 potions of attraction
 U - 4 potions of berserk rage
 W - 3 potions of invisibility
Miscellaneous
 f - a phantom mirror (inert)
 i - a lightning rod (4/4)
 m - a Gell's gravitambourine (inert)
 O - a box of beasts (inert)


   Skills:
 - Level 18.9 Fighting
 - Level 19.6 Axes
 - Level 2.2 Ranged Weapons
 - Level 18.1 Armour
 - Level 10.1 Dodging
 - Level 12.0 Shields
 - Level 11.0 Spellcasting
 * Level 5.3 Hexes
 - Level 17.0 Translocations
 + Level 2.7 Air Magic
 + Level 3.0 Alchemy
 - Level 15.8 Invocations
 - Level 16.1 Evocations


You had 5 spell levels left.
You knew the following spells:

 Your Spells              Type           Power      Damage    Failure   Level
a - Passage of Golubria   Tloc           66%        N/A       1%          4
b - Lesser Beckoning      Tloc           100%       N/A       1%          2
c - Maxwell's Portable P  Tloc           66%        2d(11-33) 1%          3
d - Apportation           Tloc           100%       N/A       0%          1
e - Dispersal             Tloc           33%        N/A       1%          6
f - Gell's Gavotte        Tloc           33%        2d(26-38) 1%          6
g - Manifold Assault      Tloc           33%        N/A       11%         7
h - Yara's Violent Unrav  Hex/Alch       13%        3d7       56%         5
i - Silence               Hex/Air        12%        N/A       58%         5

Your spell library contained the following spells:

 Spells                   Type           Power      Damage    Failure   Level
 Teleport Other           Tloc           66%        N/A       1%          3
 Jinxbite                 Hex            60%        N/A       2%          2
 Tukima's Dance           Hex            30%        N/A       4%          3
 Mercury Vapours          Alch/Air       42%        N/A       7%          2
 Sting                    Conj/Alch      64%        1d7       8%          1
 Necrotise                Necr           40%        1d6       14%         1
 Summon Small Mammal      Summ           40%        N/A       14%         1
 Mephitic Cloud           Conj/Alch/Air  17%        N/A       19%         3
 Sublimation of Blood     Necr           10%        N/A       22%         2
 Olgreb's Toxic Radiance  Alch           21%        N/A       38%         4
 Petrify                  Alch/Erth      16%        N/A       58%         4
 Alistair's Intoxication  Alch           14%        N/A       75%         5
 Summon Blazeheart Golem  Fire/Summ      10%        N/A       80%         4
 Irradiate                Conj/Alch      8%         3d14      91%         5
 Freezing Cloud           Conj/Ice/Air   6%         6-21      95%         5
 Disjunction              Tloc           33%        N/A       65%         8
 Malign Gateway           Summ/Tloc      21%        N/A       98%         7
 Orb of Destruction       Conj           5%         9d5       100%        7
 Ozocubu's Refrigeration  Ice            5%         4d8       100%        7
 Spellforged Servitor     Conj/Summ      5%         N/A       100%        7
 Discord                  Hex            15%        N/A       100%        8
 Lehudib's Crystal Spear  Conj/Erth      5%         10d3      100%        8
 Summon Horrible Things   Summ           5%         N/A       100%        8


Dungeon Overview and Level Annotations

Branches:
Dungeon (15/15)            Temple (0/1) D:7            Lair (5/5) D:10
 Shoals (4/4) Lair:2       Spider (4/4) Lair:3        Slime (0/5) Lair:5
    Orc (2/2) D:12            Elf (0/3) Orc:2        Vaults (5/5) D:13
  Crypt (0/3) Vaults:3     Depths (4/4) D:15            Zot (1/5) Depths:4
 Bailey (visited)           IceCv (visited)

Altars:
Elyvilon
Fedhas
Gozag
Hepliaklqana
Makhleb
Okawaru
Trog
Uskayaw
Vehumet
Xom
Yredelemnul
Zin
The Shining One
Beogh
Jiyva

Shops:
D:1 ?   D:3 *   D:9 *   D:13 *   D:15 :   Orc:2 [[[*   Vaults:2 *
Depths:2 *[(

Portals:
Hell: Depths:1 Depths:2 Depths:3 Depths:4
Abyss: Depths:1 Depths:3
Pandemonium: Depths:1 Depths:2
Ziggurat: Depths:3

Annotations:
D:7 3 runed translucent doors, Chish's ghost, novice NaFi
D:15 2 transporters
Vaults:4 3 runed translucent doors, Kevimi's ghost, adept FeNe


Innate Abilities, Weirdness & Mutations

Your facial features are unmistakably orcish.
Your spellcasting is much less encumbered by armour.
You can use scrolls of enchantment on lesser artefacts.


Message History

Aim: a protean progenitor (lightly wounded, bound in place)
The mass of ice explodes!
The iceblast engulfs the protean progenitor!!!
The protean progenitor is heavily wounded.
Aiming: Iceblast
Press: ? - help, Shift-Dir - straight line, f/p - protean progenitor
Aim: a protean progenitor (heavily wounded)
The mass of ice explodes!
The iceblast engulfs the protean progenitor!!
The protean progenitor is severely wounded.
Aiming: Iceblast
Press: ? - help, Shift-Dir - straight line, f/p - protean progenitor
Aim: a protean progenitor (heavily wounded)
The mass of ice explodes!
The iceblast engulfs the protean progenitor!!
The protean progenitor is almost dead.
The protean progenitor closely misses you.
You block the protean progenitor's attack.
You barely miss the protean progenitor.
The protean progenitor is severely wounded.
You block the protean progenitor's attack.
You slash the protean progenitor!
The protean progenitor is severely wounded.
You block the protean progenitor's attack.
You slice the protean progenitor!!
The protean progenitor is almost dead.
The protean progenitor barely misses you.
You slash the protean progenitor!
The protean progenitor is almost dead.
You block the protean progenitor's attack.
You hit the protean progenitor.
The protean progenitor is almost dead.
The protean progenitor trunk-slaps you!!
* * * LOW HITPOINT WARNING * * *
You barely miss the protean progenitor.
The protean progenitor is almost dead.
The protean progenitor casts a spell.
The protean progenitor erupts in a fountain of uncontrolled magic!
You are blasted with magical radiation!!!
You die...

..###.######## ..#
#.# ..###.#####
..'.......###
..###.###.... ###
#.###.#########+####
#.....###[.........#
#####...').C.......#
#.###)..@......# #.#
#......$...# #.#
#..........# ...
+..........# .##
#..........# #.
#..........# #.
###+########


You could see a protean progenitor.

Vanquished Creatures
  2 dread liches (Vaults:5)
  A juggernaut (Depths:4)
  3 golden dragons
  A doom hound (Depths:4)
  Mlioglotl (Spider:4)
  Jorgrun (Spider:3)
  2 tentacled monstrosities
  3 liches
  2 titans (Vaults:5)
  3 sphinxes
  A death cob (Zot:1)
  Frances (Shoals:2)
  3 storm dragons
  3 fire giants
  3 shadow dragons
  2 tengu reavers (Depths:3)
  A draconian shifter (Zot:1)
  An iron dragon (Vaults:5)
  A draconian monk (Zot:1)
  A frost giant (Depths:1)
  An emperor scorpion (Spider:1)
  18 vault wardens
  A deep elf sorcerer (Vaults:2)
  2 spectral caustic shrikes (Depths:2)
  A draconian stormcaller (Depths:4)
  3 orc warlords
  A curse skull (Vaults:3)
  18 ironbound preservers
  9 very ugly things
  A green draconian (Zot:1)
  9 ironbound thunderhulks
  2 vampire knights
  2 formless jellyfish
  7 stone giants
  A broodmother (Spider:1)
  A minotaur (Lair:5)
  2 spectral titans (Depths:2)
  A purple draconian (Depths:4)
  2 yellow draconians (Depths:4)
  6 dire elephants
  A war gargoyle (Vaults:5)
  2 red draconians
  A black draconian (Zot:1)
  A deep elf death mage (Vaults:5)
  A deep elf annihilator (Vaults:5)
  5 spark wasps
  2 white draconians
  5 merfolk javelineers
  3 mummy priests (Depths:2)
  Snorg (D:11)
  5 ettins
  2 jiangshi
  2 fire dragons
  4 entropy weavers
  9 yaktaur captains
  4 spectral sphinxes (Depths:2)
  A spectral golden dragon (Depths:2)
  2 spectral spriggans (Depths:2)
  3 merfolk impalers (Shoals:4)
  A great orb of eyes (Vaults:4)
  7 ice dragons
  A spriggan skeleton (Depths:1)
  17 vault guards
  2 hydras
  2 jorogumos
  A rakshasa (Depths:3)
  2 ogre magi
  2 spectral shadow dragons (Depths:2)
  A catoblepas (Shoals:2)
  2 radroaches (Spider:2)
  A spectral stone giant (Depths:2)
  2 merfolk aquamancers (Shoals:4)
  3 boulder beetles
  3 two-headed ogres
  4 ironbound frosthearts
  9 centaur warriors
  5 deep troll shamans
  A tengu warrior (Depths:4)
  2 satyrs
  A spectral fire giant (Depths:2)
  3 hell hogs (Depths:1)
  7 death yaks
  A two-headed ogre (shapeshifter) (Depths:3)
  2 orc high priests (Orc:2)
  5 demonic crawlers
  2 vampire magi
  A spectral storm dragon (Depths:2)
  3 spriggan berserkers
  An occultist (Depths:1)
  2 soul eaters (Spider:2)
  11 deep troll earth magi
  2 hell knights (Depths:1)
  A titan skeleton (Depths:1)
  A shadow wraith (Vaults:5)
  4 sixfirhies
  2 pharaoh ants (Spider:4)
  4 skeletal warriors
  5 skysharks
  A storm dragon skeleton (Depths:1)
  8 sea snakes
  An orb spider (shapeshifter) (Depths:1)
  4 sun moths
  3 glowing orange brains (Depths:3)
  2 cherubim (Shoals:4)
  A spark wasp zombie (Depths:1)
  11 iron trolls
  67 deep trolls
  2 orb spiders (Spider:2)
  A flayed ghost (Depths:2)
  16 ironbound convokers
  An obsidian statue (Depths:2)
  2 arcanists
  A spectral wolf spider (D:13)
  5 necromancers
  2 lindwurms
  8 orc knights
  An obsidian bat (Orc:2)
  12 harpies
  5 phantasmal warriors
  2 steelbarb worms
  3 orc sorcerers
  6 wolf spiders
  15 ugly things
  A wolf spider zombie (D:15)
  8 manticores
  A spectral ice dragon (D:13)
  9 cyclopes
  7 elephants
  A stone giant zombie (Depths:1)
  4 black mambas
  2 moths of wrath
  A meliai (Spider:4)
  A faun (Shoals:2)
  2 torpor snails
  4 centaur zombies
  3 merfolk sirens
  A guardian serpent (shapeshifter) (Vaults:5)
  A meliai (shapeshifter) (D:15)
  A rust devil (Depths:2)
  2 kobold blastminers (Orc:2)
  11 vault sentinels
  9 slime creatures
  A smoke demon (Vaults:4)
  A spectral centaur (D:13)
  A gargoyle (D:12)
  11 cane toads
  2 centaur skeletons (D:13)
  4 kobold demonologists (D:10)
  27 yaktaurs
  An unseen horror (D:10)
  4 komodo dragons
  A hellion (Depths:2)
  An ice devil (Vaults:4)
  3 rime drakes
  A freezing wraith (D:13)
  3 tengu conjurers
  6 guardian mummies (Depths:2)
  15 merfolk
  2 wind drakes
  3 polar bears
  A tormentor (Depths:2)
  10 trolls
  Grinder (D:3)
  19 tarantellas
  A wolf spider simulacrum (D:13)
  4 hornets
  A raiju (Spider:3)
  10 jumping spiders
  2 snapping turtles
  A dream sheep (Shoals:2)
  A human simulacrum (Vaults:1)
  An ettin zombie (Depths:1)
  An ettin skeleton (Depths:1)
  3 shadows
  9 spriggans
  2 spriggans (shapeshifter)
  A centaur simulacrum (D:15)
  2 vampires (D:13)
  2 fire bats (Depths:4)
  3 water elementals
  5 culicivoras
  A hog (Shoals:1)
  6 wraiths
  49 yaks
  9 humans (D:13)
  3 basilisks
  37 redbacks
  A wyvern (Lair:1)
  3 wargs (Orc:2)
  2 steam dragons (D:9)
  4 vampire mosquitoes
  Menkaure (D:4)
  2 acid dragons
  8 water moccasins
  6 hell hounds (D:13)
  5 black bears
  8 laughing skulls
  12 orc warriors
  A sky beast (D:8)
  5 ogres (Orc:2)
  3 boggarts (Lair:5)
  4 centaurs
  20 wolves
  An ice dragon simulacrum (D:13)
  3 kobold brigands
  6 bullfrogs
  A gnoll sergeant (D:7)
  3 scorpions
  5 howler monkeys
  2 bombardier beetles (D:4)
  A crimson imp (D:7)
  2 electric eels
  4 hounds
  2 jellies
  8 orc priests
  2 boggart zombies (D:13)
  A sleepcap (D:5)
  5 iguanas
  2 orc wizards
  3 hell rats (Lair:4)
  9 gnolls
  8 adders
  6 ufetubi
  3 dart slugs
  4 ribbon worms
  14 orcs
  7 ball pythons
  A bat (D:3)
  9 endoplasms
  4 giant cockroaches
  10 goblins
  9 hobgoblins
  2 jackals (D:2)
  24 kobolds
  5 quokkas
  2 frilled lizards
  3 rats (D:2)
1081 creatures vanquished.

Vanquished Creatures (collateral kills)
  Frederick (Depths:4)
  Mara (Vaults:5)
  A royal mummy (Depths:2)
  2 golden dragons
  Jory (Vaults:2)
  Arachne (Spider:2)
  A hellephant (Depths:1)
  Rupert (Lair:4)
  A tentacled monstrosity (Vaults:5)
  Grunn (Depths:4)
  A lich (Depths:4)
  A quicksilver dragon (Vaults:5)
  2 sphinxes (Vaults:5)
  4 titans (Vaults:5)
  Polyphemus (Shoals:2)
  A kraken (Shoals:4)
  2 tengu reavers (Vaults:5)
  Donald (Spider:1)
  Kirke (Shoals:1)
  2 shadow dragons (Vaults:5)
  Ilsuiw (Shoals:2)
  Roxanne (Shoals:3)
  A protean progenitor (Zot:1)
  3 storm dragons
  A draconian knight (Depths:4)
  5 fire giants
  7 vault wardens
  An emperor scorpion (Spider:4)
  5 frost giants
  2 orc warlords
  An angel (Shoals:4)
  7 very ugly things
  A spriggan defender (Depths:3)
  3 ghost moths (Spider:4)
  9 ironbound preservers
  Louise (Spider:4)
  An ironbound thunderhulk (Vaults:1)
  10 stone giants
  A formless jellyfish (Vaults:2)
  An apis (Shoals:4)
  A dire elephant (Vaults:4)
  A war gargoyle (Vaults:5)
  A deep elf annihilator (Vaults:5)
  9 spark wasps
  4 merfolk javelineers
  5 merfolk impalers (Shoals:4)
  A jiangshi (Depths:1)
  4 ettins (Vaults:5)
  5 yaktaur captains
  Josephine (D:15)
  7 fire dragons
  11 entropy weavers
  2 rakshasas
  A spectral golden dragon (Depths:2)
  2 great orbs of eyes
  3 hydras
  2 ice dragons
  An alligator snapping turtle (Shoals:2)
  5 two-headed ogres
  21 vault guards
  3 ironbound frosthearts
  2 death knights
  7 merfolk aquamancers
  2 ogre magi
  2 merfolk avatars
  4 radroaches
  6 boulder beetles
  2 centaur warriors (Vaults:2)
  2 tengu warriors
  4 deep troll shamans
  5 demonic crawlers
  3 orc high priests
  8 death yaks
  A spriggan berserker (Depths:4)
  A soul eater (Vaults:4)
  A hell hog (Depths:1)
  6 deep troll earth magi
  3 occultists
  A deep elf knight (Spider:3)
  5 hell knights
  2 skysharks (Shoals:2)
  3 iron trolls
  A skyshark (shapeshifter) (Vaults:5)
  A skeletal warrior (D:12)
  6 pharaoh ants
  8 sea snakes
  5 sun moths
  A sea snake (shapeshifter) (Vaults:5)
  A cherub (Shoals:4)
  29 deep trolls
  7 orb spiders
  3 arcanists (Vaults:2)
  A flayed ghost (Depths:3)
  6 steelbarb worms
  A deep elf archer (Spider:3)
  3 orc knights
  A steelbarb worm (shapeshifter) (Vaults:5)
  9 ironbound convokers
  3 phantasmal warriors
  3 lindwurms
  A deep elf pyromancer (D:15)
  7 harpies
  4 wolf spiders
  4 necromancers
  A spectral wolf spider (D:13)
  7 ugly things
  4 cyclopes
  6 manticores
  A faun (Shoals:3)
  A glowing shapeshifter (Vaults:5)
  5 moths of wrath
  2 spectral centaurs (D:13)
  2 slime creatures (Vaults:2)
  3 vault sentinels
  7 elephants
  A guardian serpent (shapeshifter) (Vaults:5)
  5 water nymphs
  A centaur zombie (D:13)
  4 merfolk sirens
  A black mamba (Lair:4)
  A kobold blastminer (Orc:2)
  A water nymph (shapeshifter) (Vaults:5)
  2 ice statues (IceCv)
  2 gargoyles
  6 cane toads
  2 torpor snails
  An unseen horror (D:12)
  A kobold demonologist (D:13)
  A centaur skeleton (D:13)
  4 rime drakes
  4 komodo dragons
  A spectral deep troll (D:13)
  8 yaktaurs
  9 freezing wraiths
  7 trolls
  A guardian mummy (Depths:2)
  4 polar bears
  18 merfolk
  3 wind drakes
  A wolf spider simulacrum (D:13)
  4 hornets
  14 jumping spiders
  A blink frog (Lair:5)
  3 glass eyes
  6 tarantellas
  5 snapping turtles
  8 dream sheep
  A meliai zombie (D:13)
  A shadow (D:15)
  A centaur simulacrum (D:13)
  3 vampires
  4 wraiths
  15 culicivoras
  5 spriggans (Lair:5)
  8 humans (D:13)
  4 water elementals
  6 wyverns
  A fire elemental (Depths:4)
  24 yaks
  4 hogs (Shoals:1)
  17 redbacks
  5 basilisks
  A redback (shapeshifter) (Depths:4)
  3 vampire mosquitoes (D:14)
  6 water moccasins
  An acid dragon (D:10)
  7 orc warriors
  A sky beast (D:8)
  6 laughing skulls
  2 black bears
  An ogre (Orc:2)
  8 wolves
  A boggart (Lair:5)
  A centaur (D:8)
  A kobold brigand (D:10)
  A bullfrog (Lair:1)
  2 gnoll sergeants (D:7)
  A cane toad simulacrum (IceCv)
  3 howler monkeys
  An electric eel (Lair:1)
  3 orc priests
  4 orc wizards
  3 hell rats (Lair:4)
  A wolf simulacrum (IceCv)
  4 gnolls
  A white imp (D:11)
  7 orcs
  A goblin (Bailey)
  A hobgoblin (Bailey)
  8 kobolds
  2 butterflies (Lair:5)
704 creatures vanquished.

Vanquished Creatures (others)
  A doom hound (Depths:4)
  A lich (Vaults:5)
  6 orc warlords
  A vault guard (Vaults:5)
  27 orc apostles
  Urug (D:13)
  5 orc high priests
  A pharaoh ant (Spider:1)
  12 orc knights
  An elephant (Lair:4)
  A vault sentinel (Vaults:2)
  A troll (Orc:2)
  A merfolk (Shoals:4)
  A slime creature (Vaults:3)
  14 orc warriors
  A dream sheep zombie (Shoals:1)
  A centaur (D:10)
  10 orc priests
  3 orc wizards
  39 orcs
  A kobold (Bailey)
  8 tentacles (Shoals:4)
137 creatures vanquished.

Grand Total: 1922 creatures vanquished

Notes
Turn   | Place    | Note
-------+----------+-------------------------------------------
     0 | D:1      | RBrandon the Mountain Dwarf Fighter began the quest for the
                  | Orb.
     0 | D:1      | Reached XP level 1. HP: 19/19 MP: 1/1
    44 | D:1      | Found a faded altar of an unknown god.
    92 | D:1      | Prayed at the altar of an unknown god.
    92 | D:1      | Became a worshipper of Beogh the Shepherd
    92 | D:1      | Reached * piety under Beogh
   277 | D:1      | Reached skill level 3 in Axes
   277 | D:1      | Reached XP level 2. HP: 26/26 MP: 2/2
   462 | D:1      | Found Ofong's Magic Scroll Shoppe.
   957 | D:2      | Reached XP level 3. HP: 33/33 MP: 3/3
  1211 | D:2      | Reached ** piety under Beogh
  1212 | D:2      | Reached skill level 4 in Axes
  1612 | D:2      | Reached skill level 1 in Invocations
  1816 | D:2      | Reached XP level 4. HP: 40/40 MP: 4/4
  2237 | D:3      | Noticed Grinder
  2256 | D:3      | Paralysed by Grinder for 2 turns
  2271 | D:3      | Killed Grinder
  2272 | D:3      | Reached XP level 5. HP: 26/46 MP: 2/9
  2272 | D:3      | Reached XP level 6. HP: 29/52 MP: 2/10
  2460 | D:3      | Found Caifemif's Assorted Antiques.
  3122 | D:4      | Noticed Menkaure
  3367 | D:4      | Reached XP level 7. HP: 31/59 MP: 12/12
  3619 | D:4      | Killed Menkaure
  3620 | D:4      | Reached skill level 5 in Axes
  4076 | D:5      | Entered Level 5 of the Dungeon
  4277 | D:5      | Noticed a wraith
  4297 | D:5      | Killed a wraith
  4298 | D:5      | Reached skill level 5 in Fighting
  4298 | D:5      | Reached skill level 6 in Axes
  4298 | D:5      | Reached skill level 5 in Armour
  4298 | D:5      | Reached XP level 8. HP: 43/68 MP: 12/14
  4982 | D:6      | Reached skill level 7 in Axes
  5128 | D:6      | Reached skill level 8 in Axes
  5405 | D:6      | Reached XP level 9. HP: 71/75 MP: 15/15
  5744 | D:7      | Found a runed translucent gate.
  5744 | D:7      | Found a runed translucent gate.
  5744 | D:7      | Found a runed translucent gate.
  5763 | D:7      | Noticed a death knight
  5777 | D:7      | Found a bloodstained altar of Trog.
  5804 | D:7      | Reached *** piety under Beogh
  5831 | D:7      | Identified the +1 dire flail of Sharkskin {chaos, SInv
                  | Stlth+}
  5831 | D:7      | Noticed Marbork
  5858 | D:7      | Found a staircase to the Ecumenical Temple.
  5875 | D:7      | Gained mutation: You possess an exceptional clarity of
                  | mind. [potion of mutation]
  5875 | D:7      | Gained mutation: You have a pair of small horns on your
                  | head. [potion of mutation]
  5938 | D:7      | Anointed Marbork the warrior as your apostle
  6001 | D:7      | Found the +3 giant club "Skullcrusher" {speed, Str+7}
  6121 | D:7      | Noticed Chish's ghost (novice NaFi)
  6277 | D:7      | Found a burning altar of Makhleb.
  6412 | D:8      | Found a flagged portal.
  6420 | D:8      | Reached skill level 9 in Axes
  6427 | Bailey   | Entered a bailey
  6432 | Bailey   | Noticed an orc warlord
  6485 | Bailey   | Found a runed translucent gate.
  6509 | Bailey   | Found a runed translucent gate.
  6509 | Bailey   | Found a runed translucent gate.
  6589 | Bailey   | Killed an orc warlord
  6590 | Bailey   | Reached skill level 10 in Axes
  6590 | Bailey   | Reached skill level 10 in Invocations
  6613 | Bailey   | Identified the +2 hand axe "Watteahese" {drain, rN++ Dex+6
                  | Stlth-}
  6685 | Bailey   | Reached skill level 13 in Axes
  6685 | Bailey   | Reached XP level 10. HP: 91/91 MP: 17/17
  6702 | D:8      | Noticed Benkei
  6728 | D:8      | Anointed Benkei the priest as your apostle
  6888 | D:8      | Identified the blade talisman of Mirol {*Slow rPois rCorr
                  | Dex+3}
  7254 | D:9      | Reached XP level 11. HP: 89/97 MP: 15/18
  7485 | D:9      | Found Gozag's Platinum Reserve.
  7529 | D:9      | Found an opulent altar of Gozag.
  7688 | D:9      | Lost mutation: You have a pair of small horns on your head.
                  | [potion of mutation]
  7688 | D:9      | Lost mutation: You possess an exceptional clarity of mind.
                  | [potion of mutation]
  7688 | D:9      | Gained mutation: You are robust. (+10% HP) [potion of
                  | mutation]
  7732 | D:9      | Reached **** piety under Beogh
  7740 | D:9      | Reached skill level 14 in Axes
  7843 | D:9      | Found a hide-covered altar of Uskayaw.
  8063 | D:10     | Entered Level 10 of the Dungeon
  8067 | D:10     | Found a staircase to the Lair.
  8191 | Lair:1   | Entered Level 1 of the Lair of Beasts
  8198 | Lair:1   | Reached skill level 10 in Fighting
  8210 | Lair:1   | Reached skill level 10 in Armour
  8435 | Lair:1   | Reached skill level 15 in Axes
  8650 | Lair:1   | Reached XP level 12. HP: 118/118 MP: 19/19
  8651 | Lair:1   | Identified the +2 leather armour of Impermeability {-Tele
                  | rC++}
  8674 | Lair:1   | Identified the +7 mace of Descent {heavy, rN+ Str+3}
  8674 | Lair:1   | Noticed Orgrim
  8684 | Lair:1   | Anointed Orgrim the priest as your apostle
  9322 | Lair:2   | Reached ***** piety under Beogh
  9331 | Lair:2   | Reached skill level 16 in Axes
  9360 | Lair:2   | Noticed a death yak
  9365 | Lair:2   | Noticed a death yak
  9366 | Lair:2   | Noticed a death yak
  9368 | Lair:2   | Killed a death yak
  9372 | Lair:2   | Noticed a death yak
  9375 | Lair:2   | Killed a death yak
  9375 | Lair:2   | Killed a death yak
  9375 | Lair:2   | Noticed a death yak
  9379 | Lair:2   | Your ally Orgrim died
  9384 | Lair:2   | Killed a death yak
  9385 | Lair:2   | Killed a death yak
  9386 | Lair:2   | Reached skill level 17 in Axes
  9547 | Lair:2   | Noticed a six-headed hydra
  9558 | Lair:2   | Killed a seven-headed hydra
  9674 | Lair:2   | Found a staircase to the Shoals.
  9902 | Lair:2   | Noticed a death yak
  9908 | Lair:2   | Killed a death yak
  9909 | Lair:2   | Reached XP level 13. HP: 123/129 MP: 20/20
  9913 | Lair:2   | Identified a scroll of acquirement
 10625 | Lair:3   | Reached skill level 1 in Dodging
 10982 | Lair:3   | Found a hole to the Spider Nest.
 10982 | Lair:3   | Identified the +6 leather armour "Ygucyukk" {rF+ Str+3}
 10982 | Lair:3   | Noticed Bogrim
 10992 | Lair:3   | Anointed Bogrim the priest as your apostle
 11446 | Lair:3   | Learned a level 4 spell: Passage of Golubria
 11691 | Lair:4   | Reached skill level 1 in Translocations
 11733 | Lair:4   | Reached ****** piety under Beogh
 11958 | Lair:4   | Noticed Rupert
 11968 | Lair:4   | Killed Rupert
 11969 | Lair:4   | Reached skill level 5 in Translocations
 12085 | Lair:4   | Identified the +0 war axe "Rimaocsa" {venom, rF++}
 12339 | Lair:4   | Found a runed translucent door.
 12649 | Lair:4   | Reached skill level 5 in Dodging
 12651 | Lair:4   | Identified the +4 sling of Imbalance {elec, rC+ Stlth+}
 12745 | Lair:5   | Entered Level 5 of the Lair of Beasts
 12911 | Lair:5   | Reached XP level 14. HP: 132/138 MP: 21/21
 12932 | Lair:5   | Identified the ring "Papacih" {rF+ rN+ Will+ Str+5}
 13701 | Lair:5   | Found a viscous altar of Jiyva.
 13701 | Lair:5   | Found a staircase to the Slime Pits.
 14270 | D:10     | Found a white marble altar of Elyvilon.
 14294 | D:10     | Found a radiant altar of Vehumet.
 14358 | D:10     | Found a shimmering altar of Xom.
 14988 | D:11     | Found a frozen archway.
 15014 | IceCv    | Entered an ice cave
 15015 | IceCv    | Found the +3 greatsling "Punk" {acid, rCorr}
 15023 | IceCv    | Found a transporter.
 15041 | IceCv    | Found a transporter.
 15050 | IceCv    | Your ally Benkei died
 15054 | IceCv    | Reached skill level 1 in Ranged Weapons
 15224 | D:11     | Noticed Snorg
 15236 | D:11     | Killed Snorg
 15391 | D:11     | Identified the +9 dagger of Juhisk {venom, MP+9 SInv}
 16155 | D:12     | Found a staircase to the Orcish Mines.
 16168 | Orc:1    | Entered Level 1 of the Orcish Mines
 16537 | Orc:2    | Entered Level 2 of the Orcish Mines
 16804 | Orc:2    | Reached XP level 15. HP: 150/150 MP: 22/22
 17098 | Orc:2    | Found a roughly hewn altar of Beogh.
 17234 | Orc:2    | Found Xaushih's Antique Armour Emporium.
 17271 | Orc:2    | Bought a pair of embroidered gloves for 255 gold pieces
 17279 | Orc:2    | Found Jutottas's Armour Shoppe.
 17293 | Orc:2    | Bought a +2 helmet of intelligence for 301 gold pieces
 17568 | Orc:2    | Found Zumaup's Armour Shop.
 17600 | Orc:2    | Found a roughly hewn altar of Beogh.
 17648 | Orc:2    | Gained mutation: Armour fits poorly on your strangely
                  | shaped body. [a neqoxec]
 17711 | Orc:2    | Found Tin Epiw's General Store.
 17910 | Orc:2    | Found a staircase to the Elven Halls.
 18142 | Orc:2    | Bought a faintly humming chain mail for 323 gold pieces
 18142 | Orc:2    | Identified the +0 chain mail of Vlad {rElec rN+} (You
                  | bought it in a shop on level 2 of the Orcish Mines)
 18199 | Orc:2    | Acquired the +0 pair of boots of Logi Faz {+Inv rElec rN+
                  | rCorr}
 18461 | D:12     | Reached skill level 1 in Evocations
 19081 | D:13     | Noticed Urug
 19081 | D:13     | Found a gate to the Vaults.
 19164 | D:13     | Found Qaatem's Assorted Antiques.
 19173 | D:13     | Bought a distressingly furry helmet for 209 gold pieces
 19173 | D:13     | Identified the +1 helmet "Kialiud" {*Slow rPois rF+ rN++}
                  | (You bought it in a shop on level 13 of the Dungeon)
 19263 | D:13     | You fall into a shaft and drop 2 floors!
 19263 | D:15     | Entered Level 15 of the Dungeon
 19452 | D:13     | Reached skill level 5 in Evocations
 19467 | D:13     | Pacified Urug
 19468 | D:13     | Killed Urug
 19841 | D:13     | Your ally Bogrim died
 19846 | D:13     | Anointed Bogfrid the warrior as your apostle
 20017 | D:13     | Found a basalt altar of Yredelemnul.
 20163 | D:13     | Identified the +1 ring mail of the Horehound {rC+ Int+3}
 20457 | D:13     | Found a bloodstained altar of Trog.
 20951 | D:14     | Reached skill level 10 in Evocations
 21194 | D:14     | Reached XP level 16. HP: 131/160 MP: 23/23
 21668 | D:15     | Noticed Josephine
 21673 | D:15     | Killed Josephine
 21775 | D:15     | Found a staircase to the Depths.
 22025 | D:15     | Found an iron altar of Okawaru.
 22358 | D:15     | Found a transporter.
 22360 | D:15     | Found Sebu's Book Emporium.
 22509 | D:15     | Found a transporter.
 22824 | Shoals:1 | Entered Level 1 of the Shoals
 22936 | Shoals:1 | Reached skill level 18 in Axes
 23098 | Shoals:1 | Identified the +2 pair of boots of Numnikud {rPois Dex+2}
 23147 | Shoals:1 | Noticed Kirke
 23154 | Shoals:1 | Killed Kirke
 23155 | Shoals:1 | Reached skill level 5 in Shields
 23267 | Shoals:1 | Lost mutation: You are robust. (+10% HP) [potion of
                  | mutation]
 23267 | Shoals:1 | Lost mutation: Armour fits poorly on your strangely shaped
                  | body. [potion of mutation]
 23267 | Shoals:1 | Gained mutation: You have a pair of small horns on your
                  | head. [potion of mutation]
 23268 | Shoals:1 | Lost mutation: You have a pair of small horns on your head.
                  | [potion of mutation]
 23268 | Shoals:1 | Gained mutation: You have large cloven feet. [potion of
                  | mutation]
 23268 | Shoals:1 | Gained mutation: You are occasionally teleported next to
                  | monsters. [potion of mutation]
 23268 | Shoals:1 | Gained mutation: Potions are less effective at restoring
                  | your health. [potion of mutation]
 23269 | Shoals:1 | Lost mutation: You are occasionally teleported next to
                  | monsters. [potion of mutation]
 23269 | Shoals:1 | Lost mutation: You have large cloven feet. [potion of
                  | mutation]
 23269 | Shoals:1 | Lost mutation: Potions are less effective at restoring your
                  | health. [potion of mutation]
 23756 | Shoals:2 | Noticed Frances
 23756 | Shoals:2 | Found Muthruri's Magic Scroll Shoppe.
 23764 | Shoals:2 | Killed Frances
 23980 | Shoals:2 | Noticed Polyphemus
 24015 | Shoals:2 | Reached skill level 19 in Axes
 24017 | Shoals:2 | Killed Polyphemus
 24420 | Shoals:2 | Noticed Ilsuiw
 24431 | Shoals:2 | Killed Ilsuiw
 24728 | Shoals:2 | Reached XP level 17. HP: 138/139 MP: 24/24
 25038 | Shoals:3 | Noticed Roxanne
 25060 | Shoals:3 | Your ally Bogrim died
 25285 | Shoals:3 | Killed Roxanne
 25310 | Shoals:3 | Acquired the +5 kite shield of Intuition {rPois Will+ Int+3
                  | Stlth-}
 25995 | Shoals:3 | Reached skill level 10 in Shields
 26217 | Shoals:4 | Entered Level 4 of the Shoals
 26391 | Shoals:4 | Found a white marble altar of Elyvilon.
 26440 | Shoals:4 | Your ally Marbork died
 26737 | Shoals:4 | Got a barnacled rune of Zot
 26921 | Shoals:4 | Noticed a kraken
 26930 | Shoals:4 | Killed a kraken
 26996 | Shoals:4 | Found a glowing golden altar of the Shining One.
 27227 | Shoals:4 | Found a glowing silver altar of Zin.
 27248 | Shoals:4 | Reached skill level 15 in Evocations
 27254 | Shoals:4 | Found the +8 storm bow {elec, penet}
 27810 | Spider:1 | Entered Level 1 of the Spider Nest
 27843 | Spider:1 | Identified the +4 dagger "Cyrraudd" {heavy, rC+ Will+ Int+3
                  | Dex+4}
 28767 | Spider:1 | Noticed Donald
 28775 | Spider:1 | Killed Donald
 28811 | Spider:1 | Reached XP level 18. HP: 152/160 MP: 25/25
 29561 | Spider:2 | Your ally Marbork died
 30029 | Spider:2 | Noticed Arachne
 30040 | Spider:2 | Killed Arachne
 30462 | Spider:3 | Reached skill level 15 in Invocations
 30691 | Spider:3 | Noticed Jorgrun
 30706 | Spider:3 | Killed Jorgrun
 31105 | Spider:4 | Entered Level 4 of the Spider Nest
 31105 | Spider:4 | Noticed Louise
 31111 | Spider:4 | Killed Louise
 31323 | Spider:4 | Your ally Marbork died
 31384 | Spider:4 | Reached skill level 15 in Fighting
 31396 | Spider:4 | Your ally Bogfrid died
 31407 | Spider:4 | Reached XP level 19. HP: 143/170 MP: 2/30
 31555 | Spider:4 | Got a gossamer rune of Zot
 31606 | Spider:4 | Identified the +1 robe of the Harp {Rampage rF+++ Regen+
                  | Int-4}
 31890 | Spider:4 | Noticed Mlioglotl
 31909 | Spider:4 | Killed Mlioglotl
 32272 | Spider:2 | Identified the +2 robe "Oleotwiz" {Str+2 Dex+4}
 32282 | Spider:2 | Anointed Rocco the wizard as your apostle
 32518 | Vaults:1 | Entered Level 1 of the Vaults
 33046 | Vaults:1 | Reached skill level 15 in Armour
 33671 | Vaults:1 | Your ally Bogfrid died
 33850 | Vaults:1 | Identified the +6 arbalest "Juokhac" {drain, rPois Will+
                  | Int-2}
 34266 | Vaults:2 | Found Hegec's General Store.
 34274 | Vaults:2 | Bought a Gell's gravitambourine (2/2) for 800 gold pieces
 34569 | Vaults:2 | Anointed Beowulf the priest as your apostle
 34863 | Vaults:2 | Noticed Jory
 34873 | Vaults:2 | Killed Jory
 35065 | Vaults:2 | Reached XP level 20. HP: 187/187 MP: 31/31
 35400 | Vaults:2 | Identified the +1 pair of gloves of Action {rC+}
 35962 | Vaults:3 | Your ally Beowulf died
 35988 | Vaults:3 | Your ally Rocco died
 36019 | Vaults:3 | Found a flickering gateway to a bazaar.
 36031 | Bazaar   | Entered a bazaar
 36037 | Bazaar   | Found Ycasupuot's Book Shop.
 36037 | Bazaar   | Found Wuguxiej's Jewellery Boutique.
 36269 | Vaults:3 | Your ally Bogrim died
 36584 | Vaults:3 | Learned a level 2 spell: Lesser Beckoning
 36588 | Vaults:3 | Learned a level 3 spell: Maxwell's Portable Piledriver
 36952 | Vaults:3 | Found a staircase to the Crypt.
 36967 | Vaults:3 | Learned a level 1 spell: Apportation
 37735 | Vaults:4 | Your ally Bogrim died
 37744 | Vaults:4 | Your ally Rocco died
 37750 | Vaults:4 | Anointed Thorok the wizard as your apostle
 38506 | Vaults:4 | Reached skill level 10 in Dodging
 38509 | Vaults:4 | Reached XP level 21. HP: 196/196 MP: 32/32
 38579 | Vaults:4 | Found a runed translucent gate.
 38579 | Vaults:4 | Found a runed translucent gate.
 38579 | Vaults:4 | Found a runed translucent gate.
 38579 | Vaults:4 | Noticed Kevimi's ghost (adept FeNe)
 38583 | Vaults:4 | Found a viscous altar of Jiyva.
 38779 | Vaults:4 | Your ally Beowulf died
 38788 | Vaults:4 | Reached skill level 10 in Translocations
 39260 | Vaults:5 | Entered Level 5 of the Vaults
 39542 | Vaults:5 | Identified the ring "Madur" {Fire +Blink rPois}
 39601 | Vaults:5 | Your ally Thorok died
 39660 | Vaults:5 | Noticed Mara
 39666 | Vaults:5 | Noticed a dread lich
 39669 | Vaults:5 | Noticed RBrandon's illusion
 39671 | Vaults:5 | Your ally Beowulf died
 39674 | Vaults:5 | Killed a dread lich
 39683 | Vaults:5 | Killed Mara
 39716 | Vaults:5 | Noticed a golden dragon
 39729 | Vaults:5 | Noticed a dread lich
 39730 | Vaults:5 | Killed a golden dragon
 39744 | Vaults:5 | Killed a dread lich
 39771 | Vaults:5 | Your ally Thorok died
 39944 | Vaults:5 | Noticed a golden dragon
 39954 | Vaults:5 | Killed a golden dragon
 40005 | Vaults:5 | Identified the +6 chain mail of the Trombone {rPois Dex+2}
 40006 | Vaults:5 | Identified the staff of Eternal Vigilance {rElec Will++
                  | Dex-5 Necro Ice Air}
 40379 | Vaults:5 | Reached XP level 22. HP: 175/204 MP: 33/33
 40678 | Vaults:5 | Identified the +1 robe "Ymoel" {-Tele +Inv rPois rC+}
 40702 | Vaults:5 | Identified the amulet of Casi {Reflect Fly Str+9 Int-4
                  | SH+5}
 40963 | Vaults:5 | Your ally Thorok died
 40965 | Vaults:5 | Reached skill level 15 in Translocations
 41719 | Vaults:5 | Got a silver rune of Zot
 41935 | Vaults:4 | Your ally Beowulf died
 41945 | Vaults:4 | Anointed Bolgrim the wizard as your apostle
 42485 | Depths:1 | Entered Level 1 of the Depths
 42763 | Depths:1 | You fall into a shaft and drop 1 floor!
 42827 | Depths:2 | Your ally Bolgrim died
 42996 | Depths:2 | Found a one-way gate leading to the halls of Pandemonium.
 43037 | Depths:2 | Found Soykket's Armour Boutique.
 43161 | Depths:2 | Learned a level 6 spell: Dispersal
 43225 | Depths:2 | Found Zerph's Weapon Emporium.
 43386 | Depths:2 | Found a gateway to Hell.
 43421 | Depths:2 | Found Zorchebb's General Store.
 44642 | Depths:2 | Noticed a royal mummy
 44651 | Depths:2 | Killed a royal mummy
 44985 | Depths:1 | Reached skill level 1 in Spellcasting
 44989 | Depths:1 | Your ally Rocco died
 45543 | Depths:1 | Reached skill level 5 in Spellcasting
 45551 | Depths:1 | Your ally Bolgrim died
 45556 | Depths:1 | Reached XP level 23. HP: 154/211 MP: 31/34
 45558 | Depths:1 | Your ally Rocco died
 45752 | Depths:1 | Found a one-way gate to the infinite horrors of the Abyss.
 46494 | Depths:1 | Learned a level 6 spell: Gell's Gavotte
 46502 | Depths:1 | Learned a level 7 spell: Manifold Assault
 46502 | Depths:1 | Was placed under penance by Beogh
 46833 | Depths:3 | Found a radiant altar of Vehumet.
 47019 | Depths:3 | Found a blossoming altar of Fedhas.
 47057 | Depths:3 | Was forgiven by Beogh
 47115 | Depths:3 | Identified the +8 hand axe of the Apocalypse {freeze,
                  | +Blink rF++ rCorr Str-5}
 47361 | Depths:3 | Anointed Orgrim the priest as your apostle
 47665 | Depths:3 | Found a one-way gateway to a ziggurat.
 47776 | Depths:3 | Identified the +1 leather armour of Makhleb's Approval
                  | {Str+5} (You took it off an occultist on level 3 of the
                  | Depths)
 47886 | Depths:3 | Your ally Bolgrim died
 47947 | Depths:3 | Reached skill level 10 in Spellcasting
 48753 | Depths:4 | Entered Level 4 of the Depths
 48785 | Depths:4 | Identified the orb of Lilacs {light, Int+4 Dex+3}
 48785 | Depths:4 | Noticed Frederick
 48918 | Depths:4 | Noticed a juggernaut
 48930 | Depths:4 | Killed a juggernaut
 48941 | Depths:4 | Learned a level 5 spell: Yara's Violent Unravelling
 48947 | Depths:4 | Learned a level 5 spell: Silence
 49089 | Depths:4 | Reached skill level 1 in Hexes
 49188 | Depths:4 | Your ally Bolgrim died
 49194 | Depths:4 | Killed Frederick
 49195 | Depths:4 | Reached skill level 1 in Air Magic
 49195 | Depths:4 | Reached skill level 1 in Alchemy
 49327 | Depths:4 | Noticed Grunn
 49344 | Depths:4 | Killed Grunn
 49354 | Depths:4 | Your ally Thorok died
 49513 | Depths:4 | Found a gate to the Realm of Zot.
 49929 | Depths:4 | Found a hazy altar of Hepliaklqana.
 50096 | Zot:1    | Entered Level 1 of the Realm of Zot
 50146 | Zot:1    | Was placed under penance by Beogh
 50155 | Zot:1    | Reached skill level 5 in Hexes
 50221 | Zot:1    | Mangled by a protean progenitor

Illustrated notes

Levels and vault maps discovered:
D:1:      roderic_chinese_lattice_arrival, layout_basic, serial_shops,
          nicolae_shop_advertising_works [nicolae_subvault_shop_adworks],
          shapermc_ecumenical_altar_flowoftime
D:2:      layout_basic, minmay_hexomino_f4
D:3:      layout_basic, serial_shops, nicolae_diamond_shop, minmay_surrounded,
          uniq_grinder
D:4:      layout_gridville, kennysheep_pointless_box, uniq_menkaure
D:5:      layout_basic, corexii_item_surrounded_by_moat,
          kennysheep_generic_room_15
D:6:      layout_cave_pools
D:7:      layout_rooms, mainiacjoe_overflow_concentric_impassable,
          makhleb_grotto_becter, minmay_temple_entry_sparse_star,
          gammafunk_ghost_split, small_statue_intersection
D:8:      layout_rooms, enter_bailey_7
D:9:      layout_roguey, nicolae_overflow_hidden_temple,
          nicolae_gozag_zags_fifth_avenue
D:10:     layout_irregular_city, overflow_temple_1_default,
          lemuel_crystal_altar, elyvilon_altar_1, erik_lair_orcish_takeover,
          minmay_shattered_shrine
D:11:     layout_basic, portal_ice_cave_entry_pillars_2, uniq_snorg
D:12:     hellmonk_destroyed_diamonds, layout_loops_corners, erik_orc_2,
          minmay_guarded_unrand_skullcrusher
D:13:     lemuel_vampire_tower, layout_long_grid, david_vaults_3, serial_shops,
          shop, nicolae_concentric_dashed_squares_wild, bloody_trog
D:14:     layout_irregular_city, minmay_misc_feat_tower
D:15:     hellmonk_depths_entry_around_the_bend, layout_loops_ring,
          okawaru_metal_pillars_1_2, serial_undead, serial_undead_e,
          serial_undead_f, serial_undead_c, serial_undead_e, serial_shops,
          nicolae_shop_drivethru, uniq_josephine
Lair:1:   layout_roguey, eino_small_chamber_without_monster,
          pdpol_lair_cavern_descent, grunt_megastairs_5
Lair:2:   layout_misc_corridors, nicolae_shoals_entry_roost,
          infiniplex_staircase_pool_2, grunt_megastairs_2, uniq_urug
Lair:3:   layout_cave_pods, spider_nest_entry_webs
Lair:4:   layout_hall_layers, pf_torpor_hydra, uniq_rupert
Lair:5:   minmay_lair_end_enchanted_forest, layout_gridlike,
          dpeg_slime_entry_enclosed, lemuel_fruit_fields
Shoals:1: layout_shoals, uniq_kirke
Shoals:2: layout_shoals, serial_shops, shop, uniq_polyphemus, uniq_frances,
          uniq_ilsuiw
Shoals:3: layout_shoals, uniq_roxanne
Shoals:4: shoals_end_hellmonk_holy_island
Spider:1: layout_cave_pods, drop_trap, uniq_donald
Spider:2: layout_spider_delve, nicolae_spider_solar_radiation, uniq_arachne
Spider:3: layout_spider_delve, beargit_elvish_explorers, uniq_jorgrun
Spider:4: hellmonk_spider_rune_bug_friends, guppyfry_spider_mini_1,
          uniq_mlioglotl, uniq_louise
Orc:1:    layout_diamond_mine, blackcustard_rock_pile
Orc:2:    pubby_orc_utopia
Vaults:1: st_lines, lightli_orcish_oven, v_pattern_3,
          nicolae_vaults_closet_pinwheel_6, nicolae_vaults_weapon_check,
          serial_ice_b, nicolae_vaults_yaktaur_gun_rack, nicolae_vaults_two_Ls,
          nicolae_vaults_little_squares_3, layout_vaults_ring, serial_glass
Vaults:2: nicolae_vaults_more_shelving_2, nicolae_vaults_layer_cake_slice,
          st_smaller_cells, v_misc_2, hangedman_vaults_snaps,
          nicolae_vaults_tetromino_T_1, vaults_room_ringed_pool, v_rooms_3,
          vaults_dpeg_emergency_exit, nicolae_vaults_theta,
          ontoclasm_vaults_loading_screen, nicolae_vaults_mini_display_case,
          nicolae_vaults_tetromino_T_1, layout_vaults_chaotic_city,
          serial_shops, shop, uniq_jory
Vaults:3: nicolae_vaults_tangram_2, dpeg_vaults_monster_box,
          nicolae_vaults_border_crossing, vaults_standard_mumra_lines,
          nicolae_vaults_trapezoid_3, minmay_crypt_entry_simple_box,
          nicolae_vaults_sealed_display, v_pattern_4,
          nicolae_vaults_stepped_doors, v_misc_25, nicolae_vaults_asterisk,
          layout_vaults_maze_snakey, serial_shops, bzr_firewalk
Vaults:4: gammafunk_ghost_ooze, nicolae_vaults_closet_pinwheel_5,
          grunt_vaults_twisty, hangedman_vaults_corner, ontoclasm_vaults_spin,
          nicolae_vaults_sesquioval_fish, nicolae_vaults_little_squares_6,
          v_pattern_2, ontoclasm_vaults_gateway, ontoclasm_vaults_shuriken,
          layout_vaults_omnibox
Vaults:5: uniq_mara
Depths:1: layout_cave_shapes, serial_sigils, serial_sigils_hangedman_shear,
          serial_sigils_hangedman_snap, serial_sigils_hangedman_writhe,
          serial_sigils_hangedman_snap, pan_entry, grunt_hell_horde,
          abyss_entry_small_statue_room, roderic_nine_men_s_morris,
          due_unseen_surprise, firewood_loft
Depths:2: lemuel_minitomb, layout_long_grid, rand_demon_pan_entry_5,
          serial_shops, nicolae_stop_n_shop_2, shop, shop,
          pf_vacation_house_of_asmodeus, eino_small_chamber_without_monster,
          corexii_leaking_fountain, infiniplex_staircase_pool_1
Depths:3: minmay_the_grid_four_pointed_star_mashed
          [minmay_the_grid_triangle_9x9_wacky_v,
          minmay_the_grid_triangle_9x9_stretched_checkered,
          minmay_the_grid_triangle_9x9_flanged_cone,
          minmay_the_grid_triangle_9x9_shrine, minmay_the_grid_prize_big_room],
          layout_gridlike, enter_ziggurat_a, hell_entry,
          hangedman_abyss_or_decor_passed, abyss_entry, fiery_altar_vehumet,
          serial_bayou_shore_b
Depths:4: evilmike_zot_entry_round, layout_cave_pools,
          hangedman_tar_grid_catacomb, nicolae_hepliaklqana_hippocampus,
          uniq_frederick, uniq_grunn
Zot:1:    layout_gridlike

Skill      XL: |  1  2  3  4  5  6  7  8  9 10 11 12 13 14 15 16 17 18 19 20 21 22 23 |
---------------+----------------------------------------------------------------------+-----
Axes           | 3 4 6 8 13 15 17 19 | 19.6
Invocations    | 1 6 7 8 9 10 15 | 15.8
Fighting       | 4 5 6 9 10 12 13 14 15 17 18 | 18.9
Armour         | 4 5 6 9 10 12 13 14 16 18 | 18.1
Dodging        | 5 9 10 | 10.1
Translocations | 5 9 14 17 | 17.0
Ranged Weapons | 2 |  2.2
Evocations     | 10 13 16 | 16.1
Shields        | 8 12 | 12.0
Spellcasting   | 5 11 | 11.0
Hexes          | 5 |  5.3
Air Magic      | 2 |  2.7
Alchemy        | 3 |  3.0

Action                     |  1- 3 |  4- 6 |  7- 9 | 10-12 | 13-15 | 16-18 | 19-21 | 22-24 || total
---------------------------+-------+-------+-------+-------+-------+-------+-------+-------++-------
  Melee: War axe           |   123 |   103 |   307 |       |       |       |       |       ||   533
         Headbutt          |       |       |    12 |     7 |       |       |       |       ||    19
         Battleaxe         |       |       |       |   223 |   822 |   104 |       |       ||  1149
         Broad axe         |       |       |       |       |       |   667 |   832 |   911 ||  2410
   Fire: Greatsling        |       |       |       |       |     4 |       |       |       ||     4
   Cast: Maxwell's Portabl |       |       |       |       |       |       |     4 |       ||     4
         Lesser Beckoning  |       |       |       |       |       |       |       |    14 ||    14
         Dispersal         |       |       |       |       |       |       |       |     4 ||     4
         Manifold Assault  |       |       |       |       |       |       |       |     8 ||     8
         Gell's Gavotte    |       |       |       |       |       |       |       |     4 ||     4
 Invoke: Smiting           |       |     5 |     6 |     2 |     5 |    27 |    28 |    19 ||    92
         Recall Apostles   |       |       |     1 |     4 |     9 |     8 |     9 |    10 ||    41
         Recruit Apostle   |       |       |     1 |     2 |     2 |       |     3 |     2 ||    10
         Dismiss Apostle   |       |       |       |       |     2 |       |     4 |     2 ||     8
         Blood for Blood   |       |       |       |       |       |     1 |     1 |       ||     2
Ability: Evoke Invisibilit |       |       |       |       |       |     2 |       |       ||     2
  Evoke: Wand              |       |       |     4 |       |       |     3 |     6 |    11 ||    24
         Box of beasts     |       |       |       |       |       |     2 |     1 |     3 ||     6
         Lightning rod     |       |       |       |       |       |     4 |    18 |     5 ||    27
         Gell's gravitambo |       |       |       |       |       |       |     6 |     3 ||     9
         Phantom mirror    |       |       |       |       |       |       |     2 |     3 ||     5
    Use: Potion            |       |     2 |     7 |     1 |       |     5 |     2 |     9 ||    26
         Scroll            |       |       |    17 |     1 |    14 |    10 |     7 |     4 ||    53
   Stab: Distracted        |       |       |       |     5 |    17 |    16 |    11 |    21 ||    70
         Paralysed         |       |       |       |       |     1 |     1 |       |       ||     2
         Invisible         |       |       |       |       |       |     1 |       |       ||     1
         Petrifying        |       |       |       |       |       |     1 |       |       ||     1
         Confused          |       |       |       |       |       |     1 |       |     1 ||     2
 Armour: Scale mail        |    98 |    75 |     2 |       |       |       |       |       ||   175
         Plate armour      |       |       |   185 |   234 |   570 |   607 |   457 |   596 ||  2649
  Dodge: Dodged            |    36 |    31 |   119 |   119 |   480 |   424 |   348 |   413 ||  1970
  Block: Buckler           |    39 |    51 |   170 |       |       |       |       |       ||   260
         Reflection        |     2 |     1 |    10 |     3 |     5 |    18 |       |       ||    39
         Other             |       |       |       |    60 |   133 |    16 |       |       ||   209
         Kite shield       |       |       |       |       |       |   707 |   595 |   620 ||  1922

Table legend: (Time is in decaauts)
 A = Elapsed time spent in this place.
 B = Non-inter-level travel time spent in this place.
 C = Inter-level travel time spent in this place.
 D = Time resting spent in this place.
 E = Time spent auto-exploring this place.
 F = Levels seen in this place.
 G = Mean time per level.
                   A        B        C        D        E       F      G
               +--------+--------+--------+--------+--------+-----+--------+
         Total |  49714 |  46876 |   2838 |   7253 |  29570 |  43 | 1156.1 |
       Dungeon |  14676 |  13588 |   1088 |   1512 |   9402 |  15 |  978.4 |
          Lair |   5976 |   5504 |    472 |    173 |   4429 |   5 | 1195.2 |
        Shoals |   4863 |   4688 |    175 |   1191 |   2383 |   4 | 1215.8 |
   Spider Nest |   4441 |   4282 |    159 |   1239 |   2080 |   4 | 1110.2 |
  Orcish Mines |   2106 |   1906 |    200 |     72 |   1446 |   2 | 1053.0 |
        Vaults |   9602 |   9150 |    452 |   1179 |   5645 |   5 | 1920.4 |
        Depths |   7458 |   7169 |    289 |   1728 |   4148 |   4 | 1864.5 |
           Zot |    118 |    118 |      0 |     16 |     31 |   1 |  118.0 |
        Bazaar |     56 |     56 |      0 |      0 |      0 |   1 |   56.0 |
        Bailey |    263 |    263 |      0 |     54 |      5 |   1 |  263.0 |
      Ice Cave |    152 |    152 |      0 |     88 |      0 |   1 |  152.0 |
               +--------+--------+--------+--------+--------+-----+--------+

Top non-repeatable levels by time:
Vaults:5: 2585 daAuts
Depths:2: 2194 daAuts
Vaults:4: 2136 daAuts
Depths:3: 2111 daAuts
Vaults:2: 2024 daAuts
Depths:1: 1877 daAuts
   Orc:2: 1708 daAuts
    D:13: 1628 daAuts
Shoals:3: 1570 daAuts
Spider:1: 1568 daAuts
Vaults:3: 1474 daAuts
Vaults:1: 1381 daAuts
  Lair:1: 1311 daAuts
  Lair:5: 1307 daAuts
     D:2: 1291 daAuts

Levels and vault maps discovered:
D:1:      roderic_chinese_lattice_arrival, layout_basic, serial_shops,
          nicolae_shop_advertising_works [nicolae_subvault_shop_adworks],
          shapermc_ecumenical_altar_flowoftime
D:2:      layout_basic, minmay_hexomino_f4
D:3:      layout_basic, serial_shops, nicolae_diamond_shop, minmay_surrounded,
          uniq_grinder
D:4:      layout_gridville, kennysheep_pointless_box, uniq_menkaure
D:5:      layout_basic, corexii_item_surrounded_by_moat,
          kennysheep_generic_room_15
D:6:      layout_cave_pools
D:7:      layout_rooms, mainiacjoe_overflow_concentric_impassable,
          makhleb_grotto_becter, minmay_temple_entry_sparse_star,
          gammafunk_ghost_split, small_statue_intersection
D:8:      layout_rooms, enter_bailey_7
D:9:      layout_roguey, nicolae_overflow_hidden_temple,
          nicolae_gozag_zags_fifth_avenue
D:10:     layout_irregular_city, overflow_temple_1_default,
          lemuel_crystal_altar, elyvilon_altar_1, erik_lair_orcish_takeover,
          minmay_shattered_shrine
D:11:     layout_basic, portal_ice_cave_entry_pillars_2, uniq_snorg
D:12:     hellmonk_destroyed_diamonds, layout_loops_corners, erik_orc_2,
          minmay_guarded_unrand_skullcrusher
D:13:     lemuel_vampire_tower, layout_long_grid, david_vaults_3, serial_shops,
          shop, nicolae_concentric_dashed_squares_wild, bloody_trog
D:14:     layout_irregular_city, minmay_misc_feat_tower
D:15:     hellmonk_depths_entry_around_the_bend, layout_loops_ring,
          okawaru_metal_pillars_1_2, serial_undead, serial_undead_e,
          serial_undead_f, serial_undead_c, serial_undead_e, serial_shops,
          nicolae_shop_drivethru, uniq_josephine
Lair:1:   layout_roguey, eino_small_chamber_without_monster,
          pdpol_lair_cavern_descent, grunt_megastairs_5
Lair:2:   layout_misc_corridors, nicolae_shoals_entry_roost,
          infiniplex_staircase_pool_2, grunt_megastairs_2, uniq_urug
Lair:3:   layout_cave_pods, spider_nest_entry_webs
Lair:4:   layout_hall_layers, pf_torpor_hydra, uniq_rupert
Lair:5:   minmay_lair_end_enchanted_forest, layout_gridlike,
          dpeg_slime_entry_enclosed, lemuel_fruit_fields
Shoals:1: layout_shoals, uniq_kirke
Shoals:2: layout_shoals, serial_shops, shop, uniq_polyphemus, uniq_frances,
          uniq_ilsuiw
Shoals:3: layout_shoals, uniq_roxanne
Shoals:4: shoals_end_hellmonk_holy_island
Spider:1: layout_cave_pods, drop_trap, uniq_donald
Spider:2: layout_spider_delve, nicolae_spider_solar_radiation, uniq_arachne
Spider:3: layout_spider_delve, beargit_elvish_explorers, uniq_jorgrun
Spider:4: hellmonk_spider_rune_bug_friends, guppyfry_spider_mini_1,
          uniq_mlioglotl, uniq_louise
Orc:1:    layout_diamond_mine, blackcustard_rock_pile
Orc:2:    pubby_orc_utopia
Vaults:1: st_lines, lightli_orcish_oven, v_pattern_3,
          nicolae_vaults_closet_pinwheel_6, nicolae_vaults_weapon_check,
          serial_ice_b, nicolae_vaults_yaktaur_gun_rack, nicolae_vaults_two_Ls,
          nicolae_vaults_little_squares_3, layout_vaults_ring, serial_glass
Vaults:2: nicolae_vaults_more_shelving_2, nicolae_vaults_layer_cake_slice,
          st_smaller_cells, v_misc_2, hangedman_vaults_snaps,
          nicolae_vaults_tetromino_T_1, vaults_room_ringed_pool, v_rooms_3,
          vaults_dpeg_emergency_exit, nicolae_vaults_theta,
          ontoclasm_vaults_loading_screen, nicolae_vaults_mini_display_case,
          nicolae_vaults_tetromino_T_1, layout_vaults_chaotic_city,
          serial_shops, shop, uniq_jory
Vaults:3: nicolae_vaults_tangram_2, dpeg_vaults_monster_box,
          nicolae_vaults_border_crossing, vaults_standard_mumra_lines,
          nicolae_vaults_trapezoid_3, minmay_crypt_entry_simple_box,
          nicolae_vaults_sealed_display, v_pattern_4,
          nicolae_vaults_stepped_doors, v_misc_25, nicolae_vaults_asterisk,
          layout_vaults_maze_snakey, serial_shops, bzr_firewalk
Vaults:4: gammafunk_ghost_ooze, nicolae_vaults_closet_pinwheel_5,
          grunt_vaults_twisty, hangedman_vaults_corner, ontoclasm_vaults_spin,
          nicolae_vaults_sesquioval_fish, nicolae_vaults_little_squares_6,
          v_pattern_2, ontoclasm_vaults_gateway, ontoclasm_vaults_shuriken,
          layout_vaults_omnibox
Vaults:5: uniq_mara
Depths:1: layout_cave_shapes, serial_sigils, serial_sigils_hangedman_shear,
          serial_sigils_hangedman_snap, serial_sigils_hangedman_writhe,
          serial_sigils_hangedman_snap, pan_entry, grunt_hell_horde,
          abyss_entry_small_statue_room, roderic_nine_men_s_morris,
          due_unseen_surprise, firewood_loft
Depths:2: lemuel_minitomb, layout_long_grid, rand_demon_pan_entry_5,
          serial_shops, nicolae_stop_n_shop_2, shop, shop,
          pf_vacation_house_of_asmodeus, eino_small_chamber_without_monster,
          corexii_leaking_fountain, infiniplex_staircase_pool_1
Depths:3: minmay_the_grid_four_pointed_star_mashed
          [minmay_the_grid_triangle_9x9_wacky_v,
          minmay_the_grid_triangle_9x9_stretched_checkered,
          minmay_the_grid_triangle_9x9_flanged_cone,
          minmay_the_grid_triangle_9x9_shrine, minmay_the_grid_prize_big_room],
          layout_gridlike, enter_ziggurat_a, hell_entry,
          hangedman_abyss_or_decor_passed, abyss_entry, fiery_altar_vehumet,
          serial_bayou_shore_b
Depths:4: evilmike_zot_entry_round, layout_cave_pools,
          hangedman_tar_grid_catacomb, nicolae_hepliaklqana_hippocampus,
          uniq_frederick, uniq_grunn
Zot:1:    layout_gridlike

Table legend: (Time is in decaauts)
 A = Elapsed time spent in this place.
 B = Non-inter-level travel time spent in this place.
 C = Inter-level travel time spent in this place.
 D = Time resting spent in this place.
 E = Time spent auto-exploring this place.
 F = Levels seen in this place.
 G = Mean time per level.
                   A        B        C        D        E       F      G
               +--------+--------+--------+--------+--------+-----+--------+
         Total |  49714 |  46876 |   2838 |   7253 |  29570 |  43 | 1156.1 |
       Dungeon |  14676 |  13588 |   1088 |   1512 |   9402 |  15 |  978.4 |
          Lair |   5976 |   5504 |    472 |    173 |   4429 |   5 | 1195.2 |
        Shoals |   4863 |   4688 |    175 |   1191 |   2383 |   4 | 1215.8 |
   Spider Nest |   4441 |   4282 |    159 |   1239 |   2080 |   4 | 1110.2 |
  Orcish Mines |   2106 |   1906 |    200 |     72 |   1446 |   2 | 1053.0 |
        Vaults |   9602 |   9150 |    452 |   1179 |   5645 |   5 | 1920.4 |
        Depths |   7458 |   7169 |    289 |   1728 |   4148 |   4 | 1864.5 |
           Zot |    118 |    118 |      0 |     16 |     31 |   1 |  118.0 |
        Bazaar |     56 |     56 |      0 |      0 |      0 |   1 |   56.0 |
        Bailey |    263 |    263 |      0 |     54 |      5 |   1 |  263.0 |
      Ice Cave |    152 |    152 |      0 |     88 |      0 |   1 |  152.0 |
               +--------+--------+--------+--------+--------+-----+--------+

Top non-repeatable levels by time:
Vaults:5: 2585 daAuts
Depths:2: 2194 daAuts
Vaults:4: 2136 daAuts
Depths:3: 2111 daAuts
Vaults:2: 2024 daAuts
Depths:1: 1877 daAuts
   Orc:2: 1708 daAuts
    D:13: 1628 daAuts
Shoals:3: 1570 daAuts
Spider:1: 1568 daAuts
Vaults:3: 1474 daAuts
Vaults:1: 1381 daAuts
  Lair:1: 1311 daAuts
  Lair:5: 1307 daAuts
     D:2: 1291 daAuts

Table legend:
 A = Kills in this place as a percentage of kills in the entire game.
 B = Kills by you in this place as a percentage of kills by you in the entire game.
 C = Kills by friends in this place as a percentage of kills by friends in the entire game.
 D = Other kills in this place as a percentage of other kills in the entire game.
 E = Experience gained in this place as a percentage of experience gained in the entire game.
 F = Experience gained in this place divided by the number of levels of this place that you have seen.
                   A       B       C       D       E      F
               +-------+-------+-------+-------+-------+----------------------
         Total | 100.0 | 100.0 | 100.0 | 100.0 | 100.0 | 22686.2
       Dungeon |  21.2 |  25.6 |  14.7 |   6.7 |   8.4 | 5444.5
          Lair |  12.7 |  12.5 |  13.1 |  13.3 |   6.5 | 12723.4
        Shoals |  10.1 |   7.0 |  15.0 |   6.7 |  10.5 | 25669.0
   Spider Nest |  12.8 |  10.1 |  17.0 |   6.7 |  11.5 | 28111.8
  Orcish Mines |   3.7 |   4.3 |   2.7 |   6.7 |   2.0 | 9579.0
        Vaults |  23.5 |  23.4 |  23.3 |  40.0 |  37.0 | 72218.2
        Depths |  13.9 |  15.2 |  11.8 |  20.0 |  22.6 | 55088.2
           Zot |   0.6 |   0.8 |   0.3 |   0.0 |   1.1 | 10969.0
        Bailey |   1.1 |   1.0 |   1.3 |   0.0 |   0.1 | 1441.0
      Ice Cave |   0.3 |   0.1 |   0.7 |   0.0 |   0.2 | 2087.0
               +-------+-------+-------+-------+-------+----------------------
